 Dungeon Crawl Stone Soup version 0.27.0-1-g7a08968 (webtiles) character file.

Game seed: 13071173462895506615

11 NeededCrab the Caller (level 2, 0/19 HPs)
             Began as a Barachi Summoner on Oct 22, 2021.
             Slain by a quokka (1 damage)
             ... on level 1 of the Dungeon.
             The game lasted 00:02:52 (777 turns).

NeededCrab the Caller (Barachi Summoner)             Turns: 777, Time: 00:02:53

Health: 0/19       AC:  2    Str:  9    XL:     2   Next: 29%
Magic:  1/5        EV: 12    Int: 15    God:
Gold:   39         SH:  0    Dex: 12    Spells: 2/5 levels left

rFire    . . .     SeeInvis .   b - +0 whip
rCold    . . .     Faith    .   (no shield)
rNeg     . . .     Spirit   .   a - +0 robe
rPois    .         Reflect  .   (no helmet)
rElec    .         Harm     .   (no cloak)
rCorr    .         Rampage  .   (no gloves)
Will     .....                  (no boots)
Stlth    ++........             (no amulet)
HPRegen  0.06/turn              (no ring)
MPRegen  0.09/turn              (no ring)

@: unable to hop, slow
A: amphibious, slowness 1, strong legs 1, +LOS
a: Hop


You were on level 1 of the Dungeon.
You visited 1 branch of the dungeon, and saw 1 of its levels.

You collected 39 gold pieces.

Inventory:

Hand Weapons
 b - a +0 whip (weapon)
Armour
 a - a +0 robe (worn)
 c - a +0 scale mail
 d - a +0 buckler


   Skills:
 - Level 0.8 Armour
 - Level 2.1 Dodging
 - Level 1.7 Stealth
 * Level 0.2 Shields
 + Level 2.4 Spellcasting
 * Level 5.2 Summonings


You had 2 spell levels left.
You knew the following spells:

 Your Spells              Type           Power      Damage    Failure   Level
a - Summon Small Mammal   Summ           68%        N/A       2%          1
b - Call Imp              Summ           17%        N/A       3%          2

Your spell library contained the following spells:

 Spells                   Type           Power      Damage    Failure   Level
 Call Canine Familiar     Summ           17%        N/A       8%          3
 Summon Guardian Golem    Hex/Summ       9%         N/A       22%         3
 Summon Lightning Spire   Summ/Air       9%         N/A       58%         4


Dungeon Overview and Level Annotations

Branches:
Dungeon (1/15)

Altars:


Innate Abilities, Weirdness & Mutations

You are amphibious.
You cover ground slowly.
You can hop short distances.
You have an extended range of vision and can be seen from far away.


Message History

A beastly little devil appears in a puff of flame.
The quokka bites you.
* * * LOW HITPOINT WARNING * * *
Your crimson imp blinks!
Hop to where?
Press: ? - help, Dir - move target Boing!
Casting: Call Imp (safe; 3% risk of failure)
Confirm with . or Enter, or press ? or * to list all spells.
A beastly little devil appears in a puff of flame.
The quokka barely misses your crimson imp.
The quokka bites your crimson imp.
Your crimson imp barely misses the quokka.
The quokka bites your crimson imp.
Your crimson imp misses the quokka.
Your crimson imp blinks!
You hit the quokka.
The quokka is lightly wounded.
The quokka bites you but does no damage.
Your crimson imp hits the quokka but does no damage.
You hit the quokka.
The quokka is moderately wounded.
The quokka barely misses you.
Your crimson imp hits the quokka.
The quokka misses you.
You hit the quokka but do no damage.
The quokka is almost dead.
The quokka bites you but does no damage.
Your crimson imp barely misses the quokka.
You barely miss the quokka.
The quokka is almost dead.
The quokka bites you.
* * * LOW HITPOINT WARNING * * *
Your crimson imp closely misses the quokka.
You miss the quokka.
The quokka is almost dead.
The quokka bites you.
* * * LOW HITPOINT WARNING * * *
Your crimson imp hits the quokka but does no damage.
The quokka twitches its whiskers.
The quokka bites you.
You die...

###†.## ......# #..§.5#
.#..#.# # #.##..# .#..#.##
# #.###.##..# ....... ...
#.#.......# ......#
.....#.5...###.#
....#.##.....###.5...#.#
.............####r.#[#.#
................@......#
................#.##)#####
..#.#.#..................#
..#...............########
.......†........#.#
.........#####..#.#
.........#####..#.#########
...........................
....###...........#########


You could see a quokka (ally target) and a friendly crimson imp (summoned).

Vanquished Creatures
  2 ball pythons (D:1)
  An endoplasm (D:1)
  A giant cockroach (D:1)
  A kobold (D:1)
  A rat (D:1)
6 creatures vanquished.

Vanquished Creatures (collateral kills)
  A bat (D:1)
  A giant cockroach (D:1)
  A goblin (D:1)
  A hobgoblin (D:1)
  3 kobolds (D:1)
  A rat (D:1)
8 creatures vanquished.

Grand Total: 14 creatures vanquished

Notes
Turn   | Place    | Note
-------+----------+-------------------------------------------
     0 | D:1      | NeededCrab the Barachi Summoner began the quest for the
                  | Orb.
     0 | D:1      | Reached XP level 1. HP: 13/13 MP: 3/3
   378 | D:1      | Reached skill level 5 in Summonings
   435 | D:1      | Reached XP level 2. HP: 8/19 MP: 3/5
   478 | D:1      | Learned a level 2 spell: Call Imp
   777 | D:1      | Slain by a quokka

Illustrated notes

Levels and vault maps discovered:
D:1:      matt_arrival_los_fun, layout_basic, st_stairs_3

Skill      XL: |  1 |
---------------+----+-----
Summonings     | 5 |  5.2
Armour         | |  0.8
Dodging        | |  2.1
Stealth        | |  1.7
Shields        | |  0.2
Spellcasting   | |  2.4

Action                   || total
-------------------------++-------
Melee: Whip              ||    20
       Unarmed           ||     6
 Cast: Summon Small Mamm ||    21
       Call Imp          ||     5
 Abil: Hop               ||     2
Armor: Robe              ||     6
Dodge: Dodged            ||    28
